Map: [ESL] Stargazers

Players

Krystianer

  • Race: Protoss Protoss
  • Spawn Location: 11:00

MaNa - Winner!

  • Race: Protoss Protoss
  • Spawn Location: 1:00

Event: DreamHack SC2 Masters 2022 Atlanta (Online)

VOD

Have the link to the VOD?

Description

Time

  • Played on: Oct. 6, 2022, 11:05 a.m.
  • Length: 9:52

All games in this series

Show
View Real Time Build Order
Export as new Build Order

Krystianer Protoss 

Build Orders:  

Get SALT Encoding   

  12  0:00  Probe  
  13  0:12  Probe  
  14  0:17  Pylon  
  14  0:24  Probe (Chrono Boost)  
  16  0:36  Probe (Chrono Boost)  
  16  0:37  Gateway  
  16  0:43  Probe (Chrono Boost)  
  16  0:46  Assimilator  
  17  0:50  Probe  
  17  0:56  Assimilator  
  18  1:03  Probe (Chrono Boost)  
  19  1:09  Gateway  
  20  1:12  Probe (Chrono Boost)  
  20  1:17  Probe (Chrono Boost)  
  20  1:24  Cybernetics Core  
  21  1:29  Probe  
  22  1:39  Pylon  
  22  1:41  Probe  
  23  1:55  Pylon  
  18  2:01  Adept, Stalker  
  23  2:03  Warp Gate (Chrono Boost)  
  23  2:06  Probe  
  27  2:18  Probe  
  28  2:22  Shield Battery  
  28  2:31  Stalker x2  
  28  2:35  Pylon  
  32  2:39  Probe  
  33  3:04  Sentry x2  
  37  3:09  Nexus  
  37  3:19  Robotics Facility  
  37  3:21  Probe  
  36  3:30  Pylon  
  36  3:33  Probe  
  37  3:45  Probe (Chrono Boost)  
  37  3:48  Stalker x2  
  41  3:58  Probe (Chrono Boost)  
  37  4:06  Probe (Chrono Boost)  
  38  4:14  Stalker x2  
  38  4:15  Probe (Chrono Boost)  
  41  4:22  Probe (Chrono Boost)  
  42  4:27  Probe (Chrono Boost)  
  42  4:28  Observer  
  44  4:33  Probe (Chrono Boost)  
  44  4:36  Probe (Chrono Boost)  
  46  4:38  Probe (Chrono Boost)  
  46  4:42  Twilight Council  
  48  4:50  Stalker  
  47  4:58  Probe x2  
  48  5:10  Probe x2  
  48  5:12  Warp Prism  
  52  5:18  Blink (Chrono Boost)  
  52  5:24  Probe (Chrono Boost)  
  52  5:25  Probe (Chrono Boost)  
  54  5:34  Probe (Chrono Boost)  
  54  5:35  Probe (Chrono Boost)  
  56  5:39  Adept  
  56  5:40  Adept  
  56  5:41  Probe (Chrono Boost)  
  56  5:42  Probe (Chrono Boost)  
  62  5:47  Pylon  
  62  6:05  Probe  
  62  6:06  Stalker x2  
  67  6:15  Probe (Chrono Boost)  
  69  6:21  Probe (Chrono Boost)  
  69  6:23  Nexus  
  70  6:33  Probe (Chrono Boost)  
  70  6:35  Pylon  
  67  6:40  Shield Battery, Stalker  
  67  6:43  Stalker  
  67  6:46  Assimilator  
  70  6:53  Probe x2  
  72  6:55  Pylon  
  72  6:57  Dark Shrine  
  70  7:05  Probe x2  
  70  7:06  Stalker  
  70  7:07  Stalker  
  56  7:17  Probe (Chrono Boost)  
  56  7:19  Probe (Chrono Boost)  
  52  7:29  Probe (Chrono Boost)  
  52  7:34  Probe (Chrono Boost)  
  52  7:36  Probe (Chrono Boost)  
  54  7:39  Adept x2, Probe (Chrono Boost)  
  54  7:41  Probe (Chrono Boost)  
  59  7:49  Probe (Chrono Boost)  
  59  7:50  Probe (Chrono Boost)  
  58  7:51  Probe (Chrono Boost), Forge  
  58  7:58  Probe x2 (Chrono Boost)  
  58  7:59  Probe (Chrono Boost)  
  58  8:00  Gateway  
  58  8:05  Gateway  
  59  8:09  Dark Templar x2  
  66  8:14  Probe (Chrono Boost)  
  66  8:15  Shield Battery  
  64  8:22  Gateway  
  64  8:23  Probe  
  64  8:26  Probe  
  66  8:29  Probe  
  67  8:36  Probe  
  67  8:39  Gateway  
  68  8:41  Pylon  
  68  8:42  Dark Templar x2  
  68  8:43  Probe  
  68  8:45  Probe  
  68  8:48  Probe  
  73  8:54  Observer  
  73  8:57  Probe  
  73  8:58  Pylon  
  73  8:59  Pylon  
  73  9:00  Stalker  
  76  9:06  Pylon  
  76  9:09  Probe, Stalker  
  78  9:17  Probe  
  78  9:18  Stalker x3  
  78  9:21  Probe  
  87  9:26  Probe  
  87  9:29  Probe  
  80  9:32  Dark Templar  
  80  9:34  Zealot x2, Probe  
  80  9:38  Probe  
  80  9:43  Shield Battery  
Show
View Real Time Build Order
Export as new Build Order

MaNa Protoss - Winner!

Build Orders: Oracle Opening 

Get SALT Encoding   

  12  0:00  Probe  
  13  0:12  Probe  
  14  0:17  Pylon  
  14  0:24  Probe (Chrono Boost)  
  15  0:36  Probe (Chrono Boost), Gateway  
  16  0:44  Probe (Chrono Boost)  
  16  0:46  Assimilator  
  17  0:51  Probe  
  18  1:03  Probe (Chrono Boost)  
  19  1:04  Assimilator  
  20  1:11  Gateway  
  20  1:12  Probe (Chrono Boost)  
  20  1:17  Probe (Chrono Boost)  
  20  1:25  Cybernetics Core  
  21  1:29  Probe  
  22  1:38  Pylon  
  22  1:41  Probe  
  23  1:56  Probe  
  24  2:02  Stalker  
  24  2:08  Stargate  
  26  2:09  Probe  
  26  2:15  Warp Gate  
  27  2:22  Probe  
  28  2:26  Stalker  
  29  2:37  Pylon  
  29  2:55  Oracle  
  29  2:56  Probe  
  33  3:07  Stalker x2  
  33  3:10  Pylon  
  37  3:24  Probe  
  37  3:26  Pylon  
  38  3:41  Nexus  
  38  3:46  Probe  
  39  3:50  Oracle  
  42  3:58  Probe  
  43  4:06  Twilight Council  
  43  4:10  Probe  
  42  4:22  Probe  
  43  4:24  Stalker x2  
  43  4:30  Shield Battery  
  45  4:34  Probe (Chrono Boost)  
  46  4:45  Probe (Chrono Boost)  
  47  4:50  Probe (Chrono Boost)  
  47  4:51  Blink (Chrono Boost)  
  48  4:56  Probe  
  49  5:01  Probe (Chrono Boost)  
  49  5:05  Pylon  
  49  5:06  Stalker  
  52  5:08  Probe (Chrono Boost)  
  54  5:14  Probe (Chrono Boost)  
  54  5:22  Probe x2 (Chrono Boost)  
  56  5:32  Gateway x2, Probe  
  56  5:34  Stalker x2  
  61  5:40  Pylon  
  61  5:51  Nexus  
  61  6:03  Stalker x2  
  62  6:04  Probe, Pylon  
  62  6:06  Probe  
  64  6:16  Pylon  
  62  6:33  Stalker x4  
  62  6:34  Probe x2  
  72  6:41  Forge  
  72  6:46  Probe x2, Assimilator  
  74  6:57  Pylon  
  74  6:58  Probe x2  
  76  7:02  Stalker  
  76  7:03  Stalker  
  76  7:06  Probe  
  70  7:17  Stalker x2  
  70  7:18  Probe  
  70  7:21  Probe  
  74  7:27  Probe  
  74  7:28  Stalker x2  
  69  7:30  Probe  
  69  7:33  Probe  
  71  7:38  Shield Battery  
  71  7:40  Shield Battery  
  71  7:45  Adept  
  71  7:46  Adept  
  71  7:47  Protoss Ground Weapons Level 1 (Chrono Boost)  
  75  7:57  Stalker  
  79  7:58  Probe x2  
  79  7:59  Probe  
  79  8:01  Photon Cannon  
  80  8:06  Pylon  
  80  8:08  Robotics Facility  
  80  8:11  Assimilator  
  80  8:12  Stalker  
  82  8:19  Gateway  
  82  8:21  Gateway  
  82  8:23  Gateway  
  82  8:24  Stalker  
  82  8:25  Stalker  
  82  8:26  Probe x2  
  88  8:32  Stalker  
  90  8:34  Probe  
  90  8:37  Gateway  
  90  8:38  Probe  
  90  8:40  Stalker  
  94  8:44  Photon Cannon  
  94  8:51  Probe  
  94  8:54  Stalker x2  
  94  8:55  Stalker  
  102  8:57  Observer (Chrono Boost)  
  102  9:13  Nexus  
  102  9:14  Stalker x2, Pylon  
  100  9:24  Probe  
  100  9:25  Probe x2  
  99  9:39  Stalker x4  
  97  9:47  Zealot x4  
Tags
 
Add a new tag
Caveats
  • Supply blocks, unpowered buildings, or Contaminate may cause inaccurate times.
  • Supply counts are checked every 10 seconds.